[Event "XII Cracow ICC-A 2024"]
[Site "Krakow"]
[Date "2024.06.26"]
[Round "6.1"]
[White "Moussard, Jules"]
[Black "Gumularz, Szymon"]
[Result "1/2-1/2"]
[ECO "A29"]
[WhiteElo "2610"]
[BlackElo "2593"]
[Annotator "TA"]
[PlyCount "60"]
[EventDate "2024.06.20"]
[EventType "swiss"]
[EventCountry "POL"]
[SourceTitle "playchess.com"]
[Source "ChessBase"]
[SourceQuality "1"]
[TimeControl "40/5400+30:1800+30"]

1. c4 Nf6 2. Nc3 e5 3. Nf3 Nc6 4. g3 Bb4 5. Nd5 e4 6. Nh4 O-O 7. a3 Bc5 8. Bg2 a5 9. O-O Re8 $1 10. d3 exd3 11. Qxd3 Ne5 12. Qc2 Nxd5 (12... c6 {feels hotter.} 13. Be3 d6 14. Bxc5 cxd5 15. Bd4 Nxc4 16. Bxf6 Qxf6 17. Bxd5 Nb6) 13. cxd5 d6 14. Bd2 Ng6 15. Nxg6 hxg6 16. e4 Bd7 17. Bc3 c6 {[%emt 0:01:38] The position is equal.} 18. b4 axb4 19. axb4 Rxa1 20. Bxa1 (20. Rxa1 $5 Bb6 $8 21. dxc6 Bxc6 22. b5 $11) 20... Bb6 (20... Bxb4 $2 21. Qb2 f6 22. Qxb4 $18) 21. dxc6 Bxc6 22. Rd1 {[%emt 0:00:29][%cal Ob4b5] b5! would now be deadly.} Qe7 23. Bd4 Bxd4 24. Rxd4 Qe5 25. Qb2 g5 26. h3 Ra8 27. Rd2 (27. Qd2 $5) 27... Ra1+ (27... Bxe4 $2 {loses.} 28. Qxe5 dxe5 29. Bxe4 $18) 28. Kh2 Qxb2 (28... Bxe4 $2 {too greedy.} 29. Qxe5 dxe5 30. Rd8+ (30. Bxe4 g6 $18) 30... Kh7 31. Bxe4+ $18) 29. Rxb2 Re1 30. Rd2 Rb1 {[%emt 0:05:22] An uneventful encounter.   Weighted Error Value: White=0.03 (flawless) /Black=0.03 (flawless) .  OK:         	White=7     	Black=12     Best:        	White=1     	---        Strong:       	---       	Black=1} 1/2-1/2

[Event "XII Cracow ICC-A 2024"]
[Site "Krakow"]
[Date "2024.06.26"]
[Round "6.2"]
[White "Mirzoev, Azer"]
[Black "Samunenkov, Ihor"]
[Result "1/2-1/2"]
[ECO "D02"]
[WhiteElo "2448"]
[BlackElo "2532"]
[Annotator "RC"]
[PlyCount "205"]
[EventDate "2024.06.20"]
[EventType "swiss"]
[EventCountry "POL"]
[SourceTitle "playchess.com"]
[Source "ChessBase"]
[SourceQuality "1"]
[TimeControl "40/5400+30:1800+30"]

1. d4 d5 2. Nf3 Nf6 3. c4 e6 4. e3 Be7 5. Nbd2 O-O 6. b3 c5 7. cxd5 Nxd5 8. Bb2 b6 9. Bc4 Nd7 10. O-O Bb7 11. a3 cxd4 12. Nxd4 a6 13. Rc1 Rc8 14. b4 b5 15. Bd3 Rxc1 16. Qxc1 Ne5 17. Be2 Ng6 18. N2f3 Bd6 19. Rd1 Qb8 20. h3 Rc8 21. Qa1 Nb6 22. Nb3 e5 23. Na5 Ba8 24. Qa2 Be7 25. Ba1 Be4 26. Ne1 Bd5 27. Qb1 Qa8 28. Bf3 Rd8 29. Rc1 e4 30. Be2 Bd6 31. Nb3 Ne5 32. Nc5 Nec4 33. Nc2 a5 34. Rd1 a4 35. Nd4 Nxa3 36. Qc1 Nac4 37. Nxb5 Qc6 38. Nc3 Bxc5 39. bxc5 Qxc5 40. Nxe4 Qe7 41. Ng3 Be6 42. Bd4 a3 43. Qc3 f6 44. Ra1 Ra8 45. Bd3 Rc8 46. Bxb6 Nxb6 47. Qxa3 Qxa3 48. Rxa3 Ra8 49. Rc3 Rc8 50. Ra3 Ra8 51. Rxa8+ Nxa8 52. Ne2 Nb6 53. Nd4 Bc4 54. Bc2 Nd5 55. h4 g6 56. Kh2 f5 57. Bd1 Kg7 58. g4 fxg4 59. Bxg4 Kf6 60. Kg3 Nc3 61. Bf3 h6 62. Kg2 Bd3 63. Bg4 Nd5 64. Be2 Bxe2 65. Nxe2 g5 66. Kg3 Ke5 67. hxg5 hxg5 68. Kf3 g4+ 69. Kg2 Ke4 70. Ng3+ Kd3 71. Nf1 Nf6 72. Nh2 Ke2 73. Nf1 Kd3 74. Ng3 Nd5 75. Nf5 Ke4 76. Nd6+ Ke5 77. Nc4+ Kf5 78. Kg3 Nf6 79. Nd6+ Ke6 80. Nb5 Ne4+ 81. Kg2 Kd5 82. Nd4 Ke5 83. Ne2 Kf6 84. Ng3 Nd2 85. Ne2 Kf5 86. Nc3 Kg5 87. Nd5 Kf5 88. Nf4 Kg5 89. Ne6+ Kf6 90. Nc5 Kg5 91. Kh2 Nf1+ 92. Kg1 Nd2 93. Kg2 Kf5 94. Kg3 Nf1+ 95. Kh4 g3 96. fxg3 Nxe3 97. Kh5 Kf6 98. Ne4+ Kg7 99. Nd2 Nf5 100. g4 Nh6 101. g5 Nf7 102. g6 Ne5 103. Nc4 1/2-1/2

[Event "XII Cracow ICC-A 2024"]
[Site "Krakow"]
[Date "2024.06.26"]
[Round "6.3"]
[White "Kosakowski, Jakub"]
[Black "Drozdowski, Kacper"]
[Result "1/2-1/2"]
[ECO "B04"]
[WhiteElo "2480"]
[BlackElo "2448"]
[Annotator "TA"]
[PlyCount "81"]
[EventDate "2024.06.20"]
[EventType "swiss"]
[EventCountry "POL"]
[SourceTitle "playchess.com"]
[Source "ChessBase"]
[SourceQuality "1"]
[TimeControl "40/5400+30:1800+30"]

1. e4 Nf6 2. e5 Nd5 3. d4 d6 4. Nf3 dxe5 5. Nxe5 g6 6. Be2 Bg7 7. Nf3 O-O 8. O-O Bf5 9. c3 c6 10. Na3 Nd7 11. Nh4 Be6 12. Re1 {[%emt 0:01:18] The position is equal.} b5 13. Nc2 N7b6 14. Bf1 a5 15. Bg5 a4 16. Qd2 Qd6 17. Bh6 Bxh6 18. Qxh6 Qf4 19. Qxf4 Nxf4 20. Nf3 Rfc8 21. Ne5 Nfd5 (21... f6 $5 22. g3 fxe5 23. gxf4 Bf5 $11) 22. Rac1 Kf8 23. g3 Nf6 24. Nb4 a3 (24... Bd5 $11) 25. b3 $16 {[%emt 0:01:00] White is more active.} (25. Nbxc6 $2 axb2 (25... Bxa2 26. bxa3 Bc4 27. Bxc4 $14) 26. Rb1 Na4 (26... Bxa2 27. Rxb2 Nbd5 28. Rxb5 $16) (26... Rxa2 27. Nb4 $17) 27. Bxb5 Bxa2 $19) 25... c5 26. dxc5 Rxc5 {[%emt 0:00:02] [#]} 27. Nbd3 (27. Bg2 $142 $1 Ra7 28. Nbc6) 27... Rc7 28. Nf4 Nbd5 29. Nxe6+ fxe6 30. c4 bxc4 31. Nxc4 ({Don't play} 31. Rxc4 $6 Rxc4 32. Bxc4 Nb4 $11) (31. Bxc4 $16 Nb4 32. Re2 (32. Bxe6 $2 Rxc1 33. Rxc1 Nxa2 $19)) 31... Ra6 (31... Nb4 $14) 32. Rc2 (32. Ne5 $16 Rxc1 33. Rxc1) 32... Nb4 $11 {[%emt 0:00:27] A dynamic duo of knights.} 33. Rce2 Rca7 34. Rd2 (34. Rxe6 $2 {loses.} Rxe6 (34... Nxa2 35. Rxa6 Rxa6 36. Ra1 $16) 35. Rxe6 Nxa2 $19) 34... Nfd5 (34... Rd7 $11) 35. Ne5 (35. Bd3 $14) 35... Rd6 {[%emt 0:00:39] [#] Hoping for ...Nc3.} 36. Nc4 $1 Rc6 37. Bh3 Raa6 38. Bg2 Rc7 39. Bh3 Rcc6 40. Bg2 Rc7 41. Bh3 {[%emt 0:05:13] Weighted Error Value: White=0.17 (very precise) /Black=0.16 (very precise) .  Mistake:       	White=4     	Black=3      Inaccurate:     	White=3     	Black=3      OK:         	White=8     	Black=11     Best:        	White=2     	---        Strong:       	White=1     	---} 1/2-1/2

[Event "XII Cracow ICC-A 2024"]
[Site "Krakow"]
[Date "2024.06.26"]
[Round "6.4"]
[White "Rozentalis, Eduardas"]
[Black "Sieciechowicz, Marcin"]
[Result "1-0"]
[ECO "C07"]
[WhiteElo "2476"]
[BlackElo "2405"]
[Annotator "TA"]
[PlyCount "81"]
[EventDate "2024.06.20"]
[EventType "swiss"]
[EventCountry "POL"]
[SourceTitle "playchess.com"]
[Source "ChessBase"]
[SourceQuality "1"]
[TimeControl "40/5400+30:1800+30"]

1. e4 e6 2. d4 d5 3. Nd2 c5 4. exd5 Qxd5 5. dxc5 Qxc5 6. Ngf3 Nf6 {[%emt 0:00:52] Repels Ne4} 7. Bd3 Be7 8. Qe2 {[%emt 0:01:21] White has an edge.} Nbd7 9. O-O O-O 10. a4 Qc7 11. a5 Nd5 12. Nb3 Nf4 13. Bxf4 Qxf4 14. Rfd1 Nc5 15. Nxc5 Bxc5 16. c3 a6 (16... g6 $11 {keeps the balance.}) 17. Bc2 g6 18. Ra4 Qf6 {[%emt 0:08:14] [#] Black is now going downhill.} 19. Rc4 $1 Ba7 20. Qe5 $36 {[%emt 0:17:20][%mdl 2048] White is on the roll. White has more active pieces. The black rooks are passive.} Qxe5 21. Nxe5 b5 {[%emt 0:00:26] [#]} (21... Kg7 $16 {was necessary.} 22. g3 h6) 22. Be4 $1 $18 bxc4 23. Bxa8 f6 24. Nxc4 e5 25. Nb6 Bf5 26. Bd5+ Kg7 27. Bc4 e4 28. Bxa6 Re8 29. Kf1 Bb8 30. Bb5 {[%emt 0:01:18] White is clearly winning.} Re5 31. Rd5 Re7 32. Bd7 Be6 33. Bxe6 {[%emt 0:01:31] Threatens to win with Rd7.} Rxe6 {[%emt 0:00:01][%mdl 4096] Endgame. KRB-KRN} 34. h3 e3 35. fxe3 Rxe3 36. Kf2 Re6 37. c4 Bf4 38. c5 Be3+ 39. Kf3 Bg1 40. g4 Re1 41. c6 {[%emt 0:31:29] Weighted Error Value: White=0.07 (flawless) /Black=0.28 (precise) .  Mistake:       	---       	Black=2      Inaccurate:     	White=2     	Black=6      OK:         	White=17    	Black=8      Strong:       	White=2     	---} 1-0

[Event "XII Cracow ICC-A 2024"]
[Site "Krakow"]
[Date "2024.06.26"]
[Round "6.5"]
[White "Vetoshko, Volodymyr"]
[Black "Karolczuk, Iwo"]
[Result "1-0"]
[ECO "A21"]
[WhiteElo "2505"]
[BlackElo "2293"]
[Annotator "TA"]
[PlyCount "79"]
[EventDate "2024.06.20"]
[EventType "swiss"]
[EventCountry "POL"]
[SourceTitle "playchess.com"]
[Source "ChessBase"]
[SourceQuality "1"]
[TimeControl "40/5400+30:1800+30"]

1. c4 e5 2. Nc3 Bb4 3. Nd5 a5 4. Nf3 d6 5. a3 Bc5 6. e3 Nd7 7. d4 Ba7 8. Be2 {[%emt 0:06:51] The position is equal.} c6 9. Nc3 Ngf6 10. O-O O-O 11. b4 Re8 12. d5 e4 13. Nd2 c5 (13... cxd5 $11 14. cxd5 Bb8) 14. bxa5 Bb8 15. Bb2 Qe7 16. Qb1 Rxa5 {[%emt 0:07:43] White now steadily converts the win.} (16... Bc7 $14) 17. Bd1 $16 Nb6 18. Ne2 {[%emt 0:08:26] [#] Strongly threatening Bxf6.} Ra6 19. Ng3 Nbd7 20. Bc2 {[%emt 0:02:43] White is more active.} Rb6 21. Ngxe4 ({Resist} 21. Ndxe4 Nxe4 22. Nxe4 (22. Bxe4 g6 $16) 22... Ne5 $16) 21... Nxe4 22. Bxe4 Qh4 23. Bf5 Bc7 24. Qc2 Bd8 25. Bc3 Bf6 26. Bxf6 Nxf6 27. Bxc8 Rxc8 28. Rfb1 Ng4 $2 {[%emt 0:01:36] [#]} (28... Rxb1+ $16 29. Rxb1 Rb8) 29. Nf3 $18 (29. Rxb6 Qxf2+ (29... Qxh2+ $2 {too greedy.} 30. Kf1 $18) 30. Kh1 Nxe3 $16) 29... Qf6 30. Rxb6 Qxa1+ 31. Rb1 Qf6 32. Rxb7 g6 33. h3 Nh6 34. Qb2 Qd8 (34... Qxb2 35. Rxb2 f6) 35. Qb6 Qf6 36. Qb2 Qd8 37. Nd2 {[%emt 0:01:02] White is clearly winning.} Qe8 38. Qf6 Qa4 39. Qxd6 Qxa3 40. Rb8 {[%emt 0:02:33] Weighted Error Value: White=0.29 (precise) /Black=0.41.  Loses game:     	---       	Black=1      Mistake:       	---       	Black=3      Inaccurate:     	White=2     	Black=2      OK:         	White=13    	Black=9      Best:        	White=1     	---} 1-0

[Event "XII Cracow ICC-A 2024"]
[Site "Krakow"]
[Date "2024.06.26"]
[Round "6.6"]
[White "Bogdanov, Egor"]
[Black "Nurgaliyev, Sauat"]
[Result "1/2-1/2"]
[ECO "B51"]
[WhiteElo "2433"]
[BlackElo "2321"]
[Annotator "TA"]
[PlyCount "74"]
[EventDate "2024.06.20"]
[EventType "swiss"]
[EventCountry "POL"]
[SourceTitle "playchess.com"]
[Source "ChessBase"]
[SourceQuality "1"]
[TimeControl "40/5400+30:1800+30"]

1. e4 c5 2. Nf3 d6 3. Bb5+ Nd7 4. a4 Ngf6 5. Nc3 g6 6. O-O Bg7 7. Re1 O-O 8. d3 {[%emt 0:10:31] White is slightly better.} a6 9. Bc4 b6 10. Bf4 Bb7 11. Qd2 Ng4 12. h3 Nge5 13. Nxe5 Nxe5 14. Bh6 e6 15. Bxg7 Kxg7 16. f4 Nc6 17. Rf1 Nd4 18. Ne2 Nxe2+ 19. Qxe2 d5 20. exd5 exd5 21. Bb3 {[%emt 0:00:54] The position is equal.} Qd7 (21... Qf6 $5) 22. f5 f6 23. fxg6 hxg6 24. Qf2 Qd6 25. c3 Rae8 26. d4 cxd4 27. cxd4 Rh8 28. Rae1 Bc6 29. Bc2 Bd7 30. Rxe8 Rxe8 31. Re1 a5 32. Rxe8 Bxe8 $11 {[%emt 0:00:02] KQB-KQB} 33. Qe3 Bd7 34. h4 Qe6 35. Qg3 Qg4 36. Qxg4 Bxg4 37. Kf2 g5 {[%emt 0:02:19] A balanced but interesting game.   Weighted Error Value: White=0.05 (flawless) /Black=0.03 (flawless) .  Inaccurate:     	White=2     	---        OK:         	White=14    	Black=13     Best:        	---       	Black=1} 1/2-1/2

[Event "XII Cracow ICC-A 2024"]
[Site "Krakow"]
[Date "2024.06.26"]
[Round "6.7"]
[White "Mahitosh Dey"]
[Black "Turski, Bartlomiej"]
[Result "1/2-1/2"]
[ECO "B56"]
[WhiteElo "2232"]
[BlackElo "2334"]
[Annotator "RC"]
[PlyCount "40"]
[EventDate "2024.06.20"]
[EventType "swiss"]
[EventCountry "POL"]
[SourceTitle "playchess.com"]
[Source "ChessBase"]
[SourceQuality "1"]
[TimeControl "40/5400+30:1800+30"]

1. e4 c5 2. Nf3 Nc6 3. d4 cxd4 4. Nxd4 Nf6 5. Nc3 d6 6. f3 e5 7. Nb3 Be7 8. Be3 O-O 9. Qd2 a5 10. Bb5 Be6 11. O-O-O Nb4 12. Kb1 d5 13. exd5 Nbxd5 14. Nxd5 Nxd5 15. Bc4 Nxe3 16. Qxe3 Qc8 17. Bxe6 Qxe6 18. Rhe1 Rfd8 19. Rxd8+ Rxd8 20. Nc5 Bxc5 1/2-1/2

[Event "XII Cracow ICC-A 2024"]
[Site "Krakow"]
[Date "2024.06.26"]
[Round "6.8"]
[White "Fier, Alexandr"]
[Black "Aakash Sharadchandra, Dalvi"]
[Result "1-0"]
[ECO "A13"]
[WhiteElo "2602"]
[BlackElo "2291"]
[Annotator "RC"]
[PlyCount "89"]
[EventDate "2024.06.20"]
[EventType "swiss"]
[EventCountry "POL"]
[SourceTitle "playchess.com"]
[Source "ChessBase"]
[SourceQuality "1"]
[TimeControl "40/5400+30:1800+30"]

1. c4 Nf6 2. Nf3 e6 3. g3 d5 4. Bg2 dxc4 5. Qa4+ Bd7 6. Qxc4 c5 7. Ne5 Qc8 8. Qd3 Nc6 9. Nxd7 Qxd7 10. Qxd7+ Kxd7 11. Nc3 Be7 12. b3 Rac8 13. Bb2 Rhd8 14. Rc1 Ke8 15. d3 b6 16. O-O Bd6 17. f4 Be7 18. h3 Nd4 19. Kf2 Kf8 20. Rfd1 Nc6 21. e3 Rd7 22. Ke2 Nb4 23. a3 Nbd5 24. Nb1 Rcd8 25. g4 h6 26. Nd2 Ne8 27. Nf3 Bf6 28. Ne5 Rc7 29. Rc2 g5 30. Rf1 Ke7 31. f5 Bxe5 32. Bxe5 Rcd7 33. fxe6 fxe6 34. Rcc1 Ndf6 35. Rcd1 Nd5 36. Rf2 Rc8 37. Rdf1 Nd6 38. Bg7 Rg8 39. Bxh6 Rdd8 40. Kd2 Rg6 41. Bf8+ Kd7 42. Bxd6 Kxd6 43. Rf7 a5 44. Rb7 Kc6 45. Rff7 1-0

[Event "XII Cracow ICC-A 2024"]
[Site "Krakow"]
[Date "2024.06.26"]
[Round "6.9"]
[White "Marszalek, Maciej"]
[Black "Kelires, Andreas"]
[Result "0-1"]
[ECO "C00"]
[WhiteElo "2255"]
[BlackElo "2515"]
[Annotator "RC"]
[PlyCount "112"]
[EventDate "2024.06.20"]
[EventType "swiss"]
[EventCountry "POL"]
[SourceTitle "playchess.com"]
[Source "ChessBase"]
[SourceQuality "1"]
[TimeControl "40/5400+30:1800+30"]

1. c4 e6 2. e4 c5 3. Nc3 Nc6 4. g3 Nd4 5. Bg2 Ne7 6. d3 Nec6 7. Nge2 Be7 8. O-O O-O 9. Be3 a6 10. a4 d6 11. f4 Rb8 12. Bf2 Bd7 13. Rb1 Bf6 14. g4 g6 15. Nxd4 cxd4 16. Ne2 b5 17. axb5 axb5 18. b3 e5 19. h3 Ra8 20. Qd2 b4 21. g5 Be7 22. Bg3 Ra3 23. Rb2 f6 24. gxf6 Bxf6 25. Kh2 Qe7 26. Qe1 Kg7 27. Kh1 Rfa8 28. Nc1 Ra1 29. Qf2 Rf8 30. Ra2 Rxa2 31. Qxa2 exf4 32. Bxf4 Be5 33. Qd2 Bxf4 34. Rxf4 Rxf4 35. Qxf4 Qe5 36. Ne2 Qxf4 37. Nxf4 Kf6 38. Kh2 Ke5 39. Kg3 g5 40. Nd5 Be6 41. Nc7 h5 42. Bf1 h4+ 43. Kf3 Na5 44. Na6 Nxb3 45. Nxb4 Nd2+ 46. Ke2 Nxf1 47. Kxf1 Bxh3+ 48. Kf2 Bd7 49. Nc2 g4 50. Kg2 Kf4 51. Nxd4 h3+ 52. Kg1 g3 53. Ne2+ Kf3 54. Nd4+ Ke3 55. Nf5+ Bxf5 56. exf5 h2+ 0-1

[Event "XII Cracow ICC-A 2024"]
[Site "Krakow"]
[Date "2024.06.26"]
[Round "6.11"]
[White "Hollan, Martin"]
[Black "Kutowski, Marcel"]
[Result "1-0"]
[ECO "B12"]
[WhiteElo "2373"]
[BlackElo "2230"]
[Annotator "RC"]
[PlyCount "89"]
[EventDate "2024.06.20"]
[EventType "swiss"]
[EventCountry "POL"]
[SourceTitle "playchess.com"]
[Source "ChessBase"]
[SourceQuality "1"]
[TimeControl "40/5400+30:1800+30"]

1. e4 c6 2. d4 d5 3. e5 Bf5 4. h4 h5 5. Bd3 Bxd3 6. Qxd3 e6 7. Bg5 Qa5+ 8. Nd2 Qa6 9. c4 Bb4 10. b3 Bxd2+ 11. Bxd2 Ne7 12. Ne2 Nd7 13. O-O O-O-O 14. Ng3 dxc4 15. Qf3 f5 16. Bg5 Rde8 17. Nxh5 Rh7 18. Nf4 Nd5 19. Nxe6 Rxe6 20. Qxf5 Rhh6 21. Bxh6 Rxh6 22. Qf7 Rh8 23. Qxg7 Re8 24. h5 c3 25. h6 Qe2 26. Rae1 Qh5 27. e6 N7f6 28. Re5 Qh4 29. g3 Qxd4 30. Rxd5 cxd5 31. h7 Qe5 32. h8=Q Rxh8 33. Qxh8+ Kc7 34. Qg7+ Kd6 35. Qxb7 Kxe6 36. Qxa7 d4 37. Qa6+ Kf5 38. a4 Qd5 39. a5 d3 40. Qc8+ Nd7 41. Qxc3 Ne5 42. f4 Nc6 43. Rd1 Kg4 44. Qxd3 Qc5+ 45. Kg2 1-0

[Event "XII Cracow ICC-A 2024"]
[Site "Krakow"]
[Date "2024.06.26"]
[Round "6.12"]
[White "Citak, Selim"]
[Black "Backiel, Hubert"]
[Result "1-0"]
[ECO "D44"]
[WhiteElo "2345"]
[BlackElo "2200"]
[Annotator "RC"]
[PlyCount "81"]
[EventDate "2024.06.20"]
[EventType "swiss"]
[EventCountry "POL"]
[SourceTitle "playchess.com"]
[Source "ChessBase"]
[SourceQuality "1"]
[TimeControl "40/5400+30:1800+30"]

1. d4 d5 2. c4 e6 3. Nf3 Nf6 4. Nc3 c6 5. Bg5 dxc4 6. e4 b5 7. e5 h6 8. Bh4 g5 9. Nxg5 hxg5 10. Bxg5 Nbd7 11. g3 Bb7 12. Bg2 Qb6 13. exf6 O-O-O 14. O-O c5 15. d5 b4 16. Rb1 Qa6 17. dxe6 Bxg2 18. e7 Bxf1 19. Kxf1 Bxe7 20. fxe7 Rde8 21. Ne4 Qc6 22. Nd6+ Kc7 23. Nxe8+ Rxe8 24. Kg1 Ne5 25. Bf4 Rxe7 26. Qe2 Kb6 27. Bxe5 f6 28. Qxc4 Rxe5 29. Qf4 Kb5 30. b3 a5 31. h4 a4 32. Qc4+ Ka5 33. bxa4 Kxa4 34. Rxb4+ Ka5 35. Rb1 Re4 36. Qc3+ Ka6 37. h5 Ra4 38. h6 Qe4 39. Qxf6+ Qe6 40. Qxe6+ Ka7 41. Qb6+ 1-0

[Event "XII Cracow ICC-A 2024"]
[Site "Krakow"]
[Date "2024.06.26"]
[Round "6.13"]
[White "Czernek, Tymon"]
[Black "Gierulski, Kamil"]
[Result "0-1"]
[ECO "B90"]
[WhiteElo "2316"]
[BlackElo "2242"]
[Annotator "RC"]
[PlyCount "82"]
[EventDate "2024.06.20"]
[EventType "swiss"]
[EventCountry "POL"]
[SourceTitle "playchess.com"]
[Source "ChessBase"]
[SourceQuality "1"]
[TimeControl "40/5400+30:1800+30"]

1. e4 c5 2. Nf3 d6 3. d4 cxd4 4. Nxd4 Nf6 5. Nc3 a6 6. f3 e5 7. Nb3 Be6 8. Be3 Be7 9. Qd2 h5 10. Nd5 Nxd5 11. exd5 Bf5 12. Be2 a5 13. O-O a4 14. Nc1 Nd7 15. Bd3 Bxd3 16. Nxd3 O-O 17. c4 Qa5 18. Qe2 Nf6 19. Bd2 Qa7+ 20. Kh1 Rfe8 21. Rac1 Bd8 22. Nf2 Qa6 23. Qd3 Ba5 24. Bg5 Nh7 25. Be3 Bb6 26. Ne4 Bxe3 27. Qxe3 f5 28. Nd2 Rac8 29. Qd3 Rf8 30. Rc3 Rce8 31. Ra3 Qb6 32. Qc2 e4 33. c5 dxc5 34. Rxa4 e3 35. Nb1 e2 36. Re1 c4 37. d6 Qf2 38. Qxc4+ Rf7 39. Qc1 Rd7 40. h3 Rxd6 41. Nc3 Rg6 0-1

[Event "XII Cracow ICC-A 2024"]
[Site "Krakow"]
[Date "2024.06.26"]
[Round "6.14"]
[White "Lohia, Sohum"]
[Black "Petrovic, Aleksa"]
[Result "1/2-1/2"]
[ECO "C79"]
[WhiteElo "2270"]
[BlackElo "2303"]
[Annotator "RC"]
[PlyCount "46"]
[EventDate "2024.06.20"]
[EventType "swiss"]
[EventCountry "POL"]
[SourceTitle "playchess.com"]
[Source "ChessBase"]
[SourceQuality "1"]
[TimeControl "40/5400+30:1800+30"]

1. e4 e5 2. Nf3 Nc6 3. Bb5 a6 4. Ba4 Nf6 5. O-O d6 6. Re1 Bd7 7. c3 g6 8. d4 Bg7 9. h3 O-O 10. Bc2 Qe8 11. a4 Nh5 12. Na3 b5 13. Be3 Rb8 14. axb5 axb5 15. Bd3 b4 16. Nc4 bxc3 17. bxc3 f6 18. Qd2 g5 19. d5 Ne7 20. Ra7 Nc8 21. Raa1 Ne7 22. Ra7 Nc8 23. Raa1 Ne7 1/2-1/2

[Event "XII Cracow ICC-A 2024"]
[Site "Krakow"]
[Date "2024.06.26"]
[Round "6.15"]
[White "Vasynda, Oleksandr"]
[Black "Brzezina, Piotr"]
[Result "0-1"]
[ECO "E11"]
[WhiteElo "2219"]
[BlackElo "2298"]
[Annotator "RC"]
[PlyCount "48"]
[EventDate "2024.06.20"]
[EventType "swiss"]
[EventCountry "POL"]
[SourceTitle "playchess.com"]
[Source "ChessBase"]
[SourceQuality "1"]
[TimeControl "40/5400+30:1800+30"]

1. d4 Nf6 2. Nf3 e6 3. c4 Bb4+ 4. Bd2 c5 5. e3 O-O 6. Bxb4 cxb4 7. Nbd2 d6 8. Bd3 a5 9. Qc2 b6 10. Ne4 h6 11. Nxf6+ Qxf6 12. Be4 Ra7 13. O-O Rc7 14. Qb3 Ba6 15. Nd2 d5 16. Bd3 Rfc8 17. cxd5 a4 18. Ne4 Qg6 19. Qxb4 Bxd3 20. Nd6 Bxf1 21. Rxf1 Rf8 22. Qxb6 Rd7 23. Nb7 exd5 24. Qb4 Nc6 0-1

[Event "XII Cracow ICC-A 2024"]
[Site "Krakow"]
[Date "2024.06.26"]
[Round "6.16"]
[White "Gorkiewicz, Mateusz"]
[Black "Dziewonski, Dariusz"]
[Result "1-0"]
[ECO "C54"]
[WhiteElo "2223"]
[BlackElo "2293"]
[Annotator "RC"]
[PlyCount "125"]
[EventDate "2024.06.20"]
[EventType "swiss"]
[EventCountry "POL"]
[SourceTitle "playchess.com"]
[Source "ChessBase"]
[SourceQuality "1"]
[TimeControl "40/5400+30:1800+30"]

1. e4 e5 2. Nf3 Nc6 3. Bc4 Bc5 4. c3 Nf6 5. d4 exd4 6. b4 Bb6 7. e5 Ne4 8. Bd5 Nxf2 9. Kxf2 dxc3+ 10. Kg3 Qe7 11. Re1 Nxb4 12. Nxc3 Qc5 13. Bxf7+ Kxf7 14. Qb3+ d5 15. exd6+ Kf8 16. Ne4 Qf5 17. d7 Bxd7 18. Qxb4+ c5 19. Qd2 Bc7+ 20. Kf2 Bc6 21. Ng3 Qf7 22. Ba3 b6 23. Kg1 Rd8 24. Qc2 Kg8 25. Ng5 Qf6 26. Ne6 Bxg3 27. hxg3 Rd6 28. Bb2 Qg6 29. Qc3 h5 30. Nf4 Qg4 31. Qc4+ Kf8 32. Ne6+ Kg8 33. Nf4+ Kf8 34. Rf1 Ke8 35. Rae1+ Kd8 36. Be5 Rd2 37. Qf7 Rd7 38. Qe6 Qxe6 39. Nxe6+ Kc8 40. Nxg7 Rh7 41. Rf8+ Kb7 42. Ne6 Ka6 43. Rf6 Rd2 44. Nxc5+ Kb5 45. Nb3 Rxg2+ 46. Kf1 Ba8 47. Nd4+ Ka6 48. Re2 Rxe2 49. Nxe2 h4 50. g4 h3 51. Bh2 Bd5 52. Nc3 Bg2+ 53. Kf2 Rd7 54. Ke3 Re7+ 55. Kf2 Rd7 56. g5 Rd2+ 57. Ke3 Rc2 58. Kd3 Rb2 59. g6 Bf1+ 60. Rxf1 Rxh2 61. Ke4 Rc2 62. Nd5 Rxa2 63. Nb4+ 1-0